 Dungeon Crawl Stone Soup version 0.29.1-1-gd02db6906a (webtiles) character file.

Game seed: 1524087940612709414

47149 croobank the Spry (level 14, 0/69 HPs)
             Began as a Felid Summoner on Oct 16, 2022.
             Was an Initiate of Gozag.
             Succumbed to a naga mage's bolt of poison
             ... on level 1 of the Snake Pit.
             The game lasted 03:37:01 (39153 turns).

croobank the Spry (Felid Summoner)                 Turns: 39153, Time: 03:37:02

Health: 0/69       AC:  3    Str:  4    XL:     14   Next: 7%
Magic:  19/26      EV: 29    Int: 21    God:    Gozag
Gold:   4212       SH:  0    Dex: 17    Spells: 1/34 levels left
                                        Lives:  0   Deaths: 4

rFire   + . .      SeeInvis +   (weapon unavailable)
rCold   + + .      Faith    .   (shield unavailable)
rNeg    . . .      Spirit   .   (body armour unavailable)
rPois   +          Reflect  .   (helmet unavailable)
rElec   +          Harm     .   (cloak unavailable)
rCorr   +          Rampage  .   (gloves unavailable)
Will    +....                   (boots unavailable)
Stlth   +++.......              h - amulet of magic regeneration
HPRegen 0.21/turn               g - ring of wizardry
MPRegen 0.60/turn               f - ring of willpower

@: mighty, lethally poisoned (0 -> -20), resistant, weak-willed, invisible,
quick
A: very small, claws 1, fangs 3, see invisible, speed 1, shaggy fur 3, stealthy
paws, no weapons or thrown items, no armour, multi-lived, low MP 1
a: Renounce Religion, Potion Petition, Call Merchant, Bribe Branch


You were on level 1 of the Snake Pit.
You worshipped Gozag.
Gozag was most pleased with you.
You visited 5 branches of the dungeon, and saw 22 of its levels.

You collected 6918 gold pieces.
You paid 2706 gold pieces to Gozag.

Inventory:

Jewellery
 f - a ring of willpower (right paw)
 g - a ring of wizardry (left paw)
 h - an amulet of magic regeneration (around neck)
 j - a ring of ice
 k - an amulet of reflection
 y - a ring of wizardry
 C - an amulet of regeneration
Wands
 a - a wand of polymorph (8)
 n - a wand of roots (10)
 t - a wand of flame (12)
 v - a wand of light (3)
 w - a wand of mindburst (11)
Scrolls
 c - 4 scrolls of teleportation
 d - 4 scrolls of identify
 e - a scroll of fog
 i - a scroll of blinking
 o - 6 scrolls of poison
Potions
 b - 5 potions of lignification
 p - 5 potions of flight
 q - 6 potions of curing
 z - a potion of ambrosia
 A - a potion of mutation
Miscellaneous
 s - a piece from Xom's chessboard (15/15)
 x - a phantom mirror


   Skills:
 + Level 12.3 Fighting
 + Level 16.7 Dodging
 - Level 6.1 Stealth
 + Level 10.5 Spellcasting
 - Level 5.0 Hexes
 - Level 10.0 Summonings
 - Level 4.6 Translocations
 + Level 9.9 Transmutations
 + Level 10.9 Air Magic


You had one spell level left.
You knew the following spells:

 Your Spells              Type           Power      Damage    Failure   Level
a - Summon Small Mammal   Summ           100%       N/A       1%          1
b - Call Imp              Summ           52%        N/A       1%          2
c - Call Canine Familiar  Summ           52%        N/A       1%          3
d - Summon Guardian Gole  Hex/Summ       42%        N/A       1%          3
e - Summon Lightning Spi  Summ/Air       53%        N/A       1%          4
f - Blink                 Tloc           60%        N/A       1%          2
g - Poisonous Vapours     Pois/Air       66%        N/A       1%          2
h - Storm Form            Tmut/Air       26%        N/A       28%         7
i - Manifold Assault      Tloc           30%        N/A       11%         5
j - Dispel Undead         Necr           11%        3d9       24%         4

Your spell library contained the following spells:

 Spells                   Type           Power      Damage    Failure   Level
 Slow                     Hex            100%       N/A       1%          1
 Sting                    Tmut/Pois      100%       1d8       1%          1
 Foxfire                  Conj/Fire      44%        2x1d6     2%          1
 Magic Dart               Conj           44%        1d5       2%          1
 Necrotise                Necr           44%        1d6       2%          1
 Ensorcelled Hibernation  Hex/Ice        42%        N/A       1%          2
 Passwall                 Tmut/Erth      26%        N/A       1%          2
 Static Discharge         Conj/Air       33%        3-8/arc   1%          2
 Ignite Poison            Fire/Tmut/Pois 25%        N/A       1%          3
 Lesser Beckoning         Tloc           30%        N/A       1%          3
 Mephitic Cloud           Conj/Pois/Air  26%        N/A       1%          3
 Spider Form              Tmut/Pois      32%        N/A       1%          3
 Swiftness                Air            54%        N/A       1%          3
 Teleport Other           Tloc           30%        N/A       1%          3
 Tukima's Dance           Hex            32%        N/A       1%          3
 Blade Hands              Tmut           26%        N/A       1%          5
 Inner Flame              Hex/Fire       21%        N/A       2%          3
 Silence                  Hex/Air        22%        N/A       2%          5
 Passage of Golubria      Tloc           30%        N/A       3%          4
 Summon Forest            Summ/Tloc      20%        N/A       3%          5
 Summon Mana Viper        Hex/Summ       42%        N/A       3%          5
 Yara's Violent Unravell  Hex/Tmut       21%        3d10      3%          5
 Searing Ray              Conj           22%        2d5       4%          2
 Conjure Flame            Conj/Fire      11%        6-21      8%          3
 Vampiric Draining        Necr           11%        2d6       8%          3
 Anguish                  Hex/Necr       10%        N/A       9%          4
 Fulminant Prism          Conj/Hex       10%        3d9       9%          4
 Iskenderun's Mystic Bla  Conj/Tloc      20%        2d6       10%         4
 Freezing Cloud           Conj/Ice/Air   13%        6-21      16%         5
 Flame Wave               Conj/Fire      11%        2d6       24%         4
 Olgreb's Toxic Radiance  Pois           11%        N/A       24%         4
 Sticky Flame             Conj/Fire      11%        2d3       24%         4
 Dispersal                Tloc           15%        N/A       45%         6
 Agony                    Necr           11%        N/A       52%         5
 Lee's Rapid Deconstruct  Erth           5%         3d7*      52%         5
 Enfeeble                 Hex            16%        N/A       92%         7
 Iron Shot                Conj/Erth      5%         9d2       97%         6
 Discord                  Hex            16%        N/A       100%        8
 Portal Projectile        Hex/Tloc       Unusable   N/A       N/A         3
 Animate Armour           Summ/Erth      Unusable   N/A       N/A         4

Dungeon Overview and Level Annotations

Branches:
Dungeon (13/15)            Temple (0/1) D:6            Lair (5/5) D:9
 Shoals (0/4) Lair:3        Snake (1/4) Lair:3        Slime (0/5) Lair:4
    Orc (2/2) D:10            Elf (1/3) Orc:2
 Vaults: D:13-14

Altars:
Cheibriados
Gozag
Sif Muna
Trog
Wu Jian
Xom
Jiyva
Lugonu

Shops:
D:3 *   D:12 (!   Orc:2 *[[*[

Portals:
Abyss: Lair:5

Annotations:
D:9 Erolcha


Innate Abilities, Weirdness & Mutations

You have sharp claws.
You have razor-sharp teeth.
You have supernaturally acute eyesight. (SInv)
You cover ground quickly. (Speed+)
Your thick and shaggy fur keeps you warm. (AC +3, rC+)
Your paws help you pounce on unaware monsters.
You are incapable of wielding weapons or throwing items.
You cannot wear armour.
You gain extra lives every three experience levels.
Your magical capacity is low. (-10% MP)


Message History

Really read the scroll of vulnerability?
Okay, then.
Really read the scroll of vulnerability?
As you read the scroll of vulnerability, it crumbles to dust.
Magic quickly surges around you.
You feel sick.
Your wolf barely misses the naga.
The naga ritualist spits poison at you. The splash of poison hits you.
You are more poisoned.
Your wolf bites the naga!
The naga misses your wolf. The naga barely misses your wolf.
As you read the scroll of fear, it crumbles to dust.
You assume a fearsome visage.
The naga ritualist looks frightened!
The naga looks frightened! x2; You feel sick.
Your wolf barely misses the naga.
You feel sick.
Your wolf bites the naga.
A naga sharpshooter comes into view. It is wielding a +0 hand axe.
You see here a +0 spear.
What are your orders? t - Meow!
Orders for allies: a - Attack new target. r - Retreat! s - Stop attacking. g - Guard the area. f - Follow me.
Anything else - Cancel.
Gang up on whom?
Press: ? - help, Dir - move target, f - naga mage
Aim: a naga mage, wielding a +0 spear and wearing a +0 robe (weak-willed) Attack!
You feel sick.
A mana viper comes into view.
The naga mage gestures at you while chanting.
The bolt of poison hits you!!
You are more poisoned.
* * * LOW HITPOINT WARNING * * *
[a] - 220 gold - haste [b] - 350 gold - resistance and might [c] - 484 gold - invisibility, might and resistance Purchase which effect?
You fade into invisibility!
You feel very mighty all of a sudden.
You feel protected.
You die...
Your body crumbles into a pile of gold.

##.. ##### .... ##...#
..... #....# .....
#....### ...... ######
#.......
......###..h8#####....##.
$
........@..$.°[[.........
.........9##N.####....##.
N.######...##$# #...###.
#N...N.... #...# ..
.........#.######...
##........#.# #...
#......### # ###.
#.!.S.N# #. ####..##


You could see a naga sharpshooter, a naga ritualist (fleeing, weak-willed), a
mana viper, a naga mage (weak-willed, ally target), a naga (fleeing,
weak-willed), a friendly guardian golem (summoned), a friendly wolf (summoned,
sheltered, weak-willed) and a friendly lightning spire (summoned, sheltered).

Vanquished Creatures
  Nessos (Orc:2)
  Fannar (Orc:1)
  The ghost of miserystealer the Zephyrmancer, a journeyman TeAE of Vehumet (Orc:1)
  An anaconda (Snake:1)
  A naga warrior (Snake:1)
  A shock serpent (Snake:1)
  Nergalle (Orc:1)
  2 deep elf zephyrmancers (Elf:1)
  A naga ritualist (Snake:1)
  An orc knight (Orc:2)
  3 deep elf pyromancers (Elf:1)
  2 mana vipers (Snake:1)
  An elephant (Lair:2)
  A blink frog (Lair:5)
  A dream sheep (Lair:5)
  A vampire (D:11)
  4 orc warriors (Orc:2)
  2 ogres (Orc:1)
  A centaur (D:8)
  A kobold brigand (D:7)
  A gnoll sergeant (Orc:1)
  A scorpion (D:4)
  3 orc priests (Orc:2)
  3 orc wizards
  A nameless horror (D:4)
  2 gnolls (Orc:1)
  9 orcs
  2 ball pythons (D:1)
  2 giant cockroaches
  2 hobgoblins
  2 kobolds (D:7)
  A quokka (D:4)
  A bat (D:1)
58 creatures vanquished.

Vanquished Creatures (collateral kills)
  An ettin (Orc:1)
  Snorg (D:10)
  Josephine (D:10)
  2 hydras (Lair:5)
  3 boulder beetles
  A catoblepas (Lair:3)
  5 two-headed ogres
  Erica (D:10)
  3 death yaks
  An orc high priest (Orc:2)
  2 thrashing horrors (Lair:5)
  Sonja (D:10)
  3 orc knights (Orc:2)
  2 ugly things
  3 orc sorcerers (Orc:2)
  A cyclops (Orc:2)
  19 elephants
  5 black mambas
  A smoke demon (Lair:5)
  A torpor snail (Lair:5)
  11 cane toads
  Maggie (D:7)
  2 unseen horrors
  A kobold demonologist (D:8)
  4 rime drakes
  5 komodo dragons
  Psyche (D:8)
  An ancient zyme (Lair:5)
  2 trolls
  6 dream sheep (Lair:5)
  15 blink frogs
  A spriggan (Lair:5)
  2 shadows
  A ynoxinul (Lair:5)
  32 yaks
  3 wyverns
  9 basilisks
  A chaos spawn (Lair:5)
  5 wraiths (D:10)
  A steam dragon (D:9)
  8 vampire mosquitoes
  A warg (D:10)
  3 nagas (Lair:3)
  An acid dragon (D:11)
  7 water moccasins
  4 orc warriors
  4 ogres
  2 ice beasts
  2 sky beasts
  3 wolves
  7 centaurs
  7 small abominations (Lair:5)
  2 bullfrogs
  4 kobold brigands
  A necrophage (D:4)
  2 scorpions
  5 wights (D:9)
  9 killer bees
  2 howler monkeys
  A hound (D:6)
  14 jellies
  3 gnoll boudas
  14 orc priests
  4 iguanas
  12 orc wizards
  12 gnolls
  13 adders
  A shadow imp (D:5)
  A white imp (D:7)
  A nameless horror (D:9)
  3 worms
  A dart slug (D:3)
  45 orcs
  8 ball pythons
  2 endoplasms
  3 giant cockroaches
  9 goblins
  13 hobgoblins
  3 jackals (D:2)
  2 quokkas
  3 bats
  2 frilled lizards
  36 kobolds
  4 rats
  2 butterflies (D:7)
447 creatures vanquished.

Vanquished Creatures (others)
  5 hydras
  A catoblepas (Lair:5)
  A centaur warrior (D:10)
  A satyr (shapeshifter) (Lair:5)
  2 thrashing horrors (Lair:5)
  A death yak (Lair:4)
  2 orc high priests (Orc:2)
  A manticore (shapeshifter) (Lair:5)
  6 elephants
  A large abomination (Lair:5)
  6 black mambas
  A torpor snail (Lair:1)
  A merfolk siren (Lair:3)
  A cane toad (Lair:2)
  2 komodo dragons
  An ancient zyme (Lair:5)
  4 blink frogs
  A ynoxinul (Lair:5)
  3 small abominations (Lair:5)
  A wraith (D:10)
  A vampire (D:5)
  A wyvern (Lair:5)
  A basilisk (D:12)
  18 yaks
  A steam dragon (D:7)
  A warg (D:10)
  An acid dragon (D:10)
  3 orc warriors
  A black bear (D:7)
  A centaur (D:6)
  A kobold brigand (D:6)
  A scorpion (D:4)
  3 killer bees (D:9)
  An orc priest (Orc:2)
  Crazy Yiuf (D:5)
  3 orc wizards
  A gnoll (Orc:1)
  2 orcs
  2 kobolds (D:6)
  54 fungi
  93 plants
233 creatures vanquished.

Grand Total: 738 creatures vanquished

Notes
Turn   | Place    | Note
-------+----------+-------------------------------------------
     0 | D:1      | croobank the Felid Summoner began the quest for the Orb.
     0 | D:1      | Reached XP level 1. HP: 7/7 MP: 4/4
   391 | D:1      | Reached skill level 3 in Dodging
   391 | D:1      | Reached XP level 2. HP: 6/11 MP: 3/6
   394 | D:1      | Learned a level 2 spell: Call Imp
  1812 | D:1      | Reached XP level 3. HP: 11/14 MP: 3/7
  1879 | D:1      | Found a faded altar of an unknown god.
  1894 | D:1      | Found a faded altar of an unknown god.
  2123 | D:2      | Learned a level 3 spell: Call Canine Familiar
  2214 | D:2      | Identified the +3 robe of Bedazzled Lucidity {Regen+}
  2418 | D:2      | Reached XP level 4. HP: 10/18 MP: 0/8
  3199 | D:3      | Reached skill level 4 in Dodging
  3275 | D:3      | Reached XP level 5. HP: 21/21 MP: 5/10
  3320 | D:3      | Identified the +8 spear of Ustu {vorpal, Drain rF+ Will+
                  | Str+8}
  3473 | D:3      | Found Gozag's Platinum Reserve.
  3565 | D:3      | Found a snail-covered altar of Cheibriados.
  3918 | D:3      | Found an opulent altar of Gozag.
  3945 | D:3      | Became a worshipper of Gozag Ym Sagoz the Greedy
  4720 | D:3      | Reached skill level 5 in Summonings
  4807 | D:4      | Found a shimmering blue altar of Sif Muna.
  4837 | D:4      | Reached skill level 5 in Stealth
  4942 | D:4      | Gained mutation: You are covered in thick fur. (AC +2)
                  | [Felid growth]
  4942 | D:4      | Reached XP level 6. HP: 24/24 MP: 4/12
  5099 | D:4      | Reached skill level 5 in Dodging
  5470 | D:4      | Learned a level 3 spell: Summon Guardian Golem
  5683 | D:4      | Reached skill level 1 in Hexes
  5696 | D:4      | Reached XP level 7. HP: 27/27 MP: 6/13
  6586 | D:4      | Learned a level 4 spell: Summon Lightning Spire
  6880 | D:4      | Found an ornate altar of the Wu Jian Council.
  7165 | D:5      | Entered Level 5 of the Dungeon
  7369 | D:5      | Found a runed translucent door.
  7370 | D:5      | Noticed Crazy Yiuf
  7387 | D:5      | Killed Crazy Yiuf
  7457 | D:5      | Noticed a vampire
  7563 | D:5      | Reached skill level 1 in Fighting
  7740 | D:5      | Killed a vampire
  7741 | D:5      | Reached skill level 6 in Dodging
  7741 | D:5      | Reached skill level 1 in Air Magic
  7741 | D:5      | Reached XP level 8. HP: 31/32 MP: 8/15
  9601 | D:6      | Found a staircase to the Ecumenical Temple.
  9786 | D:6      | Killed by an exploding themself... ignited by their inner
                  | flame
  9787 | D:6      | Reached XP level 7. HP: -8/30 MP: 8/15
  9921 | D:6      | Reached skill level 5 in Hexes
 10047 | D:6      | Reached skill level 7 in Dodging
 10047 | D:6      | Reached skill level 5 in Spellcasting
 10240 | D:7      | Reached XP level 8. HP: 29/34 MP: 3/16
 10352 | D:7      | Found a shimmering altar of Xom.
 11568 | D:7      | Noticed Maggie
 11590 | D:7      | Killed Maggie
 11591 | D:7      | Reached skill level 8 in Dodging
 11885 | D:7      | Reached XP level 9. HP: 39/39 MP: 3/18
 12006 | D:7      | Learned a level 2 spell: Blink
 12042 | D:8      | Noticed a two-headed ogre
 12045 | D:8      | Noticed a kobold demonologist
 12227 | D:8      | Reached skill level 1 in Translocations
 12227 | D:8      | Noticed an unseen horror
 12238 | D:8      | Noticed Psyche
 12668 | D:8      | Killed an unseen horror
 12933 | D:8      | Killed a kobold demonologist
 13281 | D:8      | Killed Psyche
 13419 | D:8      | Killed a two-headed ogre
 13420 | D:8      | Reached skill level 5 in Fighting
 13420 | D:8      | Reached skill level 9 in Dodging
 13492 | D:8      | Noticed a two-headed ogre
 13508 | D:8      | Killed a two-headed ogre
 13509 | D:8      | Reached XP level 10. HP: 44/44 MP: 9/20
 14581 | D:9      | Reached skill level 5 in Air Magic
 14893 | D:9      | Learned a level 2 spell: Poisonous Vapours
 15046 | D:9      | Noticed a two-headed ogre
 15051 | D:9      | Noticed a two-headed ogre
 15063 | D:9      | Killed a two-headed ogre
 15064 | D:9      | Reached skill level 10 in Dodging
 15064 | D:9      | Killed a two-headed ogre
 15260 | D:9      | Identified the +5 ring mail "Viklotit" {rPois rC+ rN+}
 15313 | D:9      | Killed from afar by a gnoll bouda
 15314 | D:9      | Reached XP level 9. HP: -4/41 MP: 17/20
 15393 | D:9      | Noticed Erolcha
 15471 | D:9      | Found a bloodstained altar of Trog.
 15570 | D:9      | Reached XP level 10. HP: 33/45 MP: 5/21
 15831 | D:9      | Found a staircase to the Lair.
 15843 | Lair:1   | Entered Level 1 of the Lair of Beasts
 15854 | Lair:1   | Noticed a torpor snail
 15870 | Lair:1   | Killed a torpor snail
 15938 | Lair:1   | Noticed a cane toad
 15953 | Lair:1   | Killed a cane toad
 16592 | Lair:1   | Identified the +6 dire flail of the Shore {vorpal, Contam
                  | rElec rF++ SInv}
 16641 | Lair:1   | Noticed a black mamba
 16659 | Lair:1   | Killed a black mamba
 16716 | Lair:1   | Noticed a black mamba
 16738 | Lair:1   | Killed a black mamba
 17006 | Lair:2   | Reached skill level 11 in Dodging
 17012 | Lair:2   | Reached XP level 11. HP: 17/50 MP: 14/23
 18186 | Lair:3   | Noticed a boulder beetle
 18207 | Lair:3   | Killed a boulder beetle
 18607 | Lair:3   | Reached skill level 12 in Dodging
 18607 | Lair:3   | Reached skill level 10 in Summonings
 18661 | Lair:3   | Noticed a catoblepas
 18725 | Lair:3   | Killed a catoblepas
 18860 | Lair:3   | Learned a level 7 spell: Storm Form
 18894 | Lair:3   | Found a staircase to the Snake Pit.
 18919 | Lair:3   | Noticed a seven-headed hydra
 18924 | Lair:3   | Gained mutation: Your thick and shaggy fur keeps you warm.
                  | (AC +3, rC+) [Felid growth]
 18924 | Lair:3   | Reached XP level 12. HP: 55/56 MP: 11/26
 18930 | Lair:3   | Killed a seven-headed hydra
 18931 | Lair:3   | Reached skill level 1 in Transmutations
 19270 | Lair:2   | Slain by a black mamba
 19271 | Lair:2   | Reached XP level 11. HP: -4/52 MP: 9/25
 19609 | Lair:3   | Got the Secrets of Charms
 20080 | Lair:3   | Found a staircase to the Shoals.
 20082 | Lair:3   | Reached skill level 13 in Dodging
 21382 | Lair:4   | Found a staircase to the Slime Pits.
 21384 | Lair:4   | Found a viscous altar of Jiyva.
 21560 | Lair:3   | Noticed an eight-headed hydra
 21570 | Lair:3   | Killed an eight-headed hydra
 22257 | Lair:4   | Reached XP level 12. HP: 57/57 MP: 17/26
 22731 | Lair:5   | Entered Level 5 of the Lair of Beasts
 22734 | Lair:5   | Noticed a death yak
 22734 | Lair:5   | Noticed a death yak
 22736 | Lair:5   | Noticed a death yak
 22737 | Lair:5   | Noticed a death yak
 23301 | Lair:5   | Noticed an eight-headed hydra
 23873 | Lair:5   | Killed an eight-headed hydra
 24329 | Lair:4   | HP: 2/58 [poisoned by a cane toad]
 24900 | Lair:5   | Noticed a catoblepas
 24928 | Lair:5   | Killed a catoblepas
 24939 | Lair:5   | Reached skill level 10 in Spellcasting
 24954 | Lair:5   | Reached skill level 5 in Transmutations
 25117 | Lair:5   | Noticed an eight-headed hydra
 25131 | Lair:5   | Killed an eight-headed hydra
 25278 | Lair:5   | Reached skill level 10 in Fighting
 25278 | Lair:5   | Reached skill level 14 in Dodging
 25919 | Lair:5   | Noticed a four-headed hydra
 25940 | Lair:5   | Killed a four-headed hydra
 26167 | Lair:5   | Killed a death yak
 26190 | Lair:4   | Killed a death yak
 26382 | Lair:4   | Killed a death yak
 26383 | Lair:4   | Reached XP level 13. HP: 25/62 MP: 18/28
 27751 | Lair:5   | Paralysed by a spriggan for 3 turns
 27812 | Lair:5   | Reached skill level 15 in Dodging
 29251 | Lair:5   | Identified a scroll of acquirement
 29251 | Lair:5   | Acquired the Discourse on Poisonous Fascination
 29502 | Lair:5   | Learned a level 5 spell: Manifold Assault
 29651 | Lair:5   | Found a corrupted altar of Lugonu.
 29651 | Lair:5   | Found a one-way gate to the infinite horrors of the Abyss.
 30103 | D:10     | Entered Level 10 of the Dungeon
 30512 | D:10     | Noticed Erica
 30525 | D:10     | Killed Erica
 30708 | D:10     | Found a staircase to the Orcish Mines.
 30836 | D:10     | Noticed Josephine
 30853 | D:10     | Killed Josephine
 30867 | D:10     | Reached skill level 10 in Air Magic
 30872 | D:10     | Reached XP level 14. HP: 46/67 MP: 12/29
 31076 | D:10     | Noticed Sonja
 31085 | D:10     | Killed Sonja
 31148 | D:10     | Acquired Oddof's Vellum of Unstable Guile
 33373 | D:11     | Learned a level 4 spell: Dispel Undead
 34215 | Orc:1    | Entered Level 1 of the Orcish Mines
 34215 | Orc:1    | Noticed Snorg
 34227 | Orc:1    | Noticed Fannar
 34246 | D:10     | Killed Snorg
 34247 | D:10     | Reached skill level 16 in Dodging
 34558 | Orc:1    | Killed Fannar
 35026 | Orc:1    | Gained mutation: Your magical capacity is low. (-10% MP)
                  | [mutagenic glow]
 35052 | Orc:2    | Entered Level 2 of the Orcish Mines
 35392 | Orc:2    | Noticed Nessos
 35401 | Orc:2    | Killed Nessos
 35634 | Orc:2    | Found a staircase to the Elven Halls.
 35643 | Elf:1    | Entered Level 1 of the Elven Halls
 35895 | Orc:1    | Mangled by an ettin
 35896 | Orc:1    | Reached XP level 13. HP: -13/64 MP: 18/25
 35905 | Orc:1    | Killed an ettin
 35988 | Orc:1    | Found a runed translucent gate.
 35988 | Orc:1    | Found a runed translucent gate.
 35988 | Orc:1    | Found a runed translucent gate.
 35989 | Orc:1    | Noticed miserystealer's ghost (journeyman TeAE)
 35990 | Orc:1    | Noticed Nergalle
 36003 | Orc:1    | Killed Nergalle
 36300 | Orc:1    | Killed miserystealer's ghost
 36486 | Orc:2    | Found Ypedec's Overcharged Wands.
 36851 | Orc:2    | Found Bucoc's Armour Boutique.
 36851 | Orc:2    | Found Oliezxeema's Antique Armour Emporium.
 36853 | Orc:2    | Found Juhia's Assorted Antiques.
 36853 | Orc:2    | Found Neemosir's Antique Armour Emporium.
 36864 | Orc:2    | Acquired an amulet of magic regeneration
 37632 | D:12     | Found Culiacw's Antique Weapon Emporium.
 37658 | D:12     | Found Uhac's Distillery.
 38447 | Snake:1  | Entered Level 1 of the Snake Pit
 38879 | Snake:1  | Reached XP level 14. HP: 69/69 MP: 20/26
 39153 | Snake:1  | Succumbed to a naga mage's bolt of poison

Illustrated notes

Levels and vault maps discovered:
D:1:      dreamdust_arrival_beginning_and_end, layout_basic,
          hellmonk_ecumenical_altar_the_god_not_taken
D:2:      layout_rooms
D:3:      layout_basic, nicolae_gozag_zags_fifth_avenue, kennysheep_slug_shrine,
          hex_intersection, kennysheep_generic_room_3
D:4:      layout_loops_corners, lemuel_crystal_altar,
          nicolae_wu_jian_glorious_leap, serial_bayou, serial_bayou_lagoon_a,
          serial_bayou_ford_a, serial_bayou_lake_a, serial_bayou_pond_a,
          serial_bayou_shore_a, serial_bayou_shore_b, st_stairs_4
D:5:      layout_basic, minmay_statues_item, chequers_mini_garden,
          uniq_crazy_yiuf_cottage
D:6:      layout_cave_pods, minmay_temple_entry_hall
D:7:      layout_rooms, xom_butterflies, nicolae_fountain_basement, uniq_maggie
D:8:      layout_basic, st_stairs_7, uniq_psyche
D:9:      layout_gridville, mainiacjoe_overflow_surrounded_room,
          lair_entry_dummy, minmay_fractal_squares_5, uniq_erolcha
D:10:     layout_basic, erik_orc_3, nicolae_two_hexagons, uniq_sonja,
          uniq_erica, uniq_josephine
D:11:     layout_rooms, serial_curves, eino_curves_02, eino_curves_02
D:12:     layout_gridville, serial_shops, nicolae_shop_hallway_plus,
          nicolae_diamond_shop
D:13:     layout_layer_cave, david_vaults_2, enter_trove_1, uniq_kirke
Lair:1:   layout_roguey, grunt_megastairs_1, lemuel_fruit_tree
Lair:2:   layout_long_grid, nicolae_quartered_pool_impasse, minivault_24,
          chequers_serial_rivers_marsh, grunt_megastairs_2
Lair:3:   layout_regular_city, minmay_shoals_entry_lonely_mermaid,
          guppyfry_snake_entry_garden, minivault_25, grunt_megastairs_5
Lair:4:   layout_roguey, minmay_slime_entry_jelly_boxes, grunt_megastairs_3
Lair:5:   hellmonk_lair_end_abyssal_woods, layout_regular_city,
          dreamdust_gnoll_shepherd
Snake:1:  layout_misc_corridors, nicolae_snake_omega
Orc:1:    layout_caves, ebering_ghost_rock_garden, nicolae_orc_tapped_out,
          uniq_fannar, uniq_snorg, uniq_nergalle
Orc:2:    grunt_orc_tribal_feast, layout_caves, special_room, basic_altar,
          nicolae_shop_overcharged_wands, uniq_nessos
Elf:1:    eino_elf_arrival_the_gate, layout_loops_corners, minmay_elf_sorcery,
          grunt_ministairs_11

Skill      XL: |  1  2  3  4  5  6  7  8  9 10 11 12 13 14 |
---------------+-------------------------------------------+-----
Stealth        | 3 4 5 6 |  6.1
Dodging        | 3 4 5 7 8 9 11 13 14 15 16 | 16.7
Spellcasting   | 3 5 6 7 9 10 | 10.5
Summonings     | 5 7 9 10 | 10.0
Hexes          | 1 5 4 |  5.0
Fighting       | 3 4 5 7 9 10 11 12 | 12.3
Air Magic      | 1 3 4 6 7 8 10 | 10.9
Translocations | 4 |  4.6
Transmutations | 4 6 8 9 |  9.9

Action                   |  1- 3 |  4- 6 |  7- 9 | 10-12 | 13-15 || total
-------------------------+-------+-------+-------+-------+-------++-------
Melee: Unarmed           |    33 |    36 |    80 |    20 |   229 ||   398
       Bite              |     2 |     4 |    16 |     4 |     7 ||    33
       Punch             |       |       |     2 |       |     2 ||     4
 Cast: Summon Small Mamm |    48 |    21 |    78 |    43 |    61 ||   251
       Call Imp          |    17 |     7 |    15 |     7 |    14 ||    60
       Call Canine Famil |     3 |    27 |    66 |    53 |    67 ||   216
       Summon Guardian G |       |     1 |    42 |    97 |    82 ||   222
       Summon Lightning  |       |       |    14 |   121 |   102 ||   237
       Blink             |       |       |       |     4 |     1 ||     5
       Poisonous Vapours |       |       |       |     2 |       ||     2
       Manifold Assault  |       |       |       |       |    14 ||    14
       Storm Form        |       |       |       |       |    11 ||    11
       Dispel Undead     |       |       |       |       |     4 ||     4
Invok: Potion Petition   |       |       |     1 |     1 |     3 ||     5
Evoke: Piece from Xom's  |       |       |     2 |       |       ||     2
       Wand              |       |       |     1 |     1 |     1 ||     3
  Use: Scroll            |       |     3 |    11 |     7 |    18 ||    39
       Potion            |       |     1 |     5 |     1 |     6 ||    13
 Stab: Distracted        |     1 |     2 |     1 |     1 |     4 ||     9
       Invisible         |       |       |     1 |       |       ||     1
       Paralysed         |       |       |       |       |     2 ||     2
Armor: Skin              |     7 |     1 |     8 |    14 |    33 ||    63
Dodge: Dodged            |    36 |    34 |   149 |   215 |   539 ||   973
